AoeStats
← [NICE_ASS] BigMasi

MegaRandom

509068648Analyzed
4v4 RM · 7d ago on Sep 25, 2026· 70m 58s· 8 players
Game mode
Random Map
Map size
Large (8 player)
Population
200
Speed
Normal
Resources
Standard
Victory
Conquest
Starting age
Dark Age
Ending age
Imperial Age
RankedLock teamsTeams togetherTeam positionsShared explorationLock speedFull tech treeHidden civsTurbo modeCheats
Victory
Defeat
🇺🇸 Aztecs · United States
1406
+12
🇨🇭 Poles · Switzerland
1379
+14
🇨🇭 Danes · Switzerland
1327
+16
🇬🇧 Saxons · United Kingdom
1325
+16
🇨🇳 Huns · China
1384
-17
🇨🇳 Mongols · China
1380
-17
🇩🇪 Persians · Germany
1267
-12
🇩🇪 Varangians · Germany
1266
-12
PeterPan
12:03 Feudal Age
15:39 Castle Age
13:40 Double-Bit Axe
13:59 Fishing Lines
16:00 Loom
17:33 Bow Saw
17:16 Gillnets
18:40 Medium Warships
19:43 Padded Archer Armor
21:29 Fletching
26:00 Horse Collar
25:49 Elite Skirmisher
26:26 Bodkin Arrow
27:25 Leather Archer Armor
31:34 Wheelbarrow
32:33 Ballistics
32:31 Hand Cart
33:43 Scale Mail Armor
33:53 Forging
34:05 Thumb Ring
35:15 Chain Mail Armor
36:01 Iron Casting
38:39 Imperial Age
37:11 Squires
37:14 Pikeman
38:47 Heavy Plow
39:55 Plate Mail Armor
40:25 Blast Furnace
41:00 Bracer
42:03 Chemistry
41:15 Elite Obuch
42:17 Conscription
43:11 Hoardings
42:50 Masonry
43:54 Crop Rotation
45:16 Treadmill Crane
47:01 Murder Holes
[NICE_ASS] BigMasi
11:42 Feudal Age
16:01 Castle Age
14:27 Double-Bit Axe
14:24 Horse Collar
15:45 Fishing Lines
18:39 Bow Saw
19:48 Scale Mail Armor
19:58 Forging
19:58 Fletching
22:29 Loom
23:19 Wheelbarrow
23:01 Bodkin Arrow
23:56 Town Watch
27:33 Ballistics
29:56 Heavy Plow
31:37 Heated Shot
32:21 Gold Mining
33:33 Chain Mail Armor
33:28 Forging
34:26 Hamask
39:13 Imperial Age
38:24 Iron Casting
40:40 Plate Mail Armor
41:11 Blast Furnace
40:44 Conscription
40:57 Elite Jomsviking
44:13 Squires
43:58 Arson
53:49 Bracer
54:40 Hoardings
55:42 Onager
57:25 Chemistry
56:38 Siege Engineers
56:45 Masonry
56:44 Northmen's Fury
57:51 Siege Onager
64:44 Murder Holes
Oliver
5:03 Loom
11:08 Feudal Age
11:53 Double-Bit Axe
17:18 Castle Age
15:58 Horse Collar
24:45 Fletching
31:24 Gold Mining
37:55 Pikeman
44:39 Stone Mining
50:29 Imperial Age
51:10 Halberdier
51:51 Squires
51:37 Arson
51:38 Capped Ram
52:41 Scale Mail Armor
52:51 Forging
53:15 Forging
53:30 Siege Ram
54:26 Chain Mail Armor
54:47 Iron Casting
53:43 Elite Varangian Guard
64:23 Medium Warships
65:54 Heavy Warships
66:12 Bow Saw
70:59 Scale Barding Armor
71:24 Plate Mail Armor
PaRappa56
10:39 Feudal Age
11:57 Loom
14:32 Castle Age
12:53 Double-Bit Axe
13:16 Horse Collar
15:56 Town Watch
16:58 Fletching
22:50 Wheelbarrow
22:14 Gold Mining
23:31 Bow Saw
23:56 Stone Mining
25:34 Heavy Plow
29:24 Imperial Age
27:13 Hand Cart
27:04 Squires
27:07 Scale Mail Armor
26:39 Eagle Warrior
28:08 Gold Shaft Mining
28:19 Forging
29:11 Chain Mail Armor
29:58 Iron Casting
29:36 Elite Eagle Warrior
30:47 Plate Mail Armor
30:54 Arson
32:26 Stone Shaft Mining
33:07 Blast Furnace
32:03 Man-at-Arms
32:47 Padded Archer Armor
33:54 Chemistry
34:47 Conscription
34:42 Siege Engineers
34:33 Murder Holes
36:11 Elite Jaguar Warrior
37:44 Garland Wars
44:04 Ballistics
43:30 Arrowslits
43:27 Treadmill Crane
43:46 Bodkin Arrow
56:55 Elite Skirmisher
57:53 Bracer
58:08 Leather Archer Armor
59:01 Atlatl
64:10 Guard Tower
64:32 Fortified Wall
Esta
10:56 Feudal Age
11:30 Double-Bit Axe
12:10 Fishing Lines
17:31 Castle Age
15:18 Loom
16:07 Gold Mining
16:37 Horse Collar
16:58 Fletching
18:13 Bodkin Arrow
19:58 Medium Warships
19:43 Gillnets
22:06 Stone Mining
26:18 Wheelbarrow
25:29 Town Watch
27:00 Forging
26:59 Scale Barding Armor
27:52 Careening
29:49 Clinker Construction
31:11 Bow Saw
33:42 Imperial Age
32:46 Iron Casting
32:49 Chain Barding Armor
33:19 Masonry
33:30 Ballistics
33:26 Masonry
34:28 Gold Shaft Mining
34:29 Stone Shaft Mining
35:11 Plate Barding Armor
35:54 Chemistry
35:21 Bloodlines
35:12 Husbandry
35:34 Heavy Plow
35:39 Cavalier
41:31 Blast Furnace
48:14 Padded Archer Armor
48:40 Conscription
51:13 Leather Archer Armor
58:02 Elite Skirmisher
59:10 Thumb Ring
64:02 Ring Archer Armor
Bob
4:32 Loom
13:03 Feudal Age
13:24 Fishing Lines
13:30 Double-Bit Axe
18:06 Castle Age
16:28 Gold Mining
16:20 Horse Collar
17:33 Town Watch
19:47 Bow Saw
19:35 Gillnets
20:50 Wheelbarrow
20:11 Fletching
22:27 Careening
23:07 Clinker Construction
23:18 Ballistics
22:58 Stone Mining
23:31 Bodkin Arrow
29:06 Heavy Plow
33:10 Imperial Age
31:40 Scale Mail Armor
32:57 Fortified Wall
32:57 Masonry
36:59 Chain Mail Armor
肥肥猫
10:28 Feudal Age
15:18 Castle Age
14:00 Double-Bit Axe
14:55 Horse Collar
15:29 Loom
18:19 Fletching
19:58 Bodkin Arrow
22:36 Padded Archer Armor
26:50 Gold Mining
29:49 Stone Mining
31:19 Fishing Lines
35:00 Imperial Age
33:17 Bow Saw
34:41 Ballistics
35:12 Wheelbarrow
36:32 Stone Shaft Mining
37:01 Chemistry
38:00 Heavy Plow
41:50 Conscription
42:33 Masonry
43:54 Bloodlines
43:44 Husbandry
44:36 Bracer
44:52 Leather Archer Armor
44:48 Elite Mangudai
46:38 Hand Cart
47:03 Gold Shaft Mining
46:38 Scale Barding Armor
58:09 Fortified Wall
57:56 Murder Holes
愿随心
10:46 Feudal Age
12:58 Loom
16:18 Castle Age
14:19 Double-Bit Axe
16:44 Fishing Lines
17:21 Bow Saw
19:14 Gillnets
27:30 Imperial Age
27:41 Gold Mining
28:28 Wheelbarrow
29:48 Scale Barding Armor
29:53 Forging
31:26 Coinage
32:02 Chain Barding Armor
32:17 Iron Casting
31:44 Husbandry
31:55 Bloodlines
32:09 Hand Cart
32:31 Gold Shaft Mining
31:46 Stone Mining
32:31 Gold Shaft Mining
31:56 Cavalier
33:50 Plate Barding Armor
33:08 Paladin
35:57 Blast Furnace
42:19 Masonry
44:49 Two-Man Saw
43:33 Horse Collar
48:23 Capped Ram
50:00 Siege Ram
51:40 Banking
61:56 Conscription
61:37 Marauders
62:00 Atheism
64:05 Caravan
Connection lost

Rejoining the realm…

Still unreachable

The connection could not be restored.

Session expired

The server has moved on; the page needs a fresh start.